 Dungeon Crawl Stone Soup version 0.19-a0-628-g9200b3b (webtiles) character file.

127 hypermopl the Vexing (level 4, -3/33 HPs)
             Began as a Demigod Enchanter on June 13, 2016.
             Slain by an orc
             ... wielding a +0 short sword
              (6 damage)
             ... on level 3 of the Dungeon.
             The game lasted 00:05:24 (2814 turns).

hypermopl the Vexing (Demigod Enchanter)            Turns: 2814, Time: 00:05:25

Health: -3/33      AC:  3    Str: 11    XL:     4   Next: 56%
Magic:  7/9        EV: 12    Int: 21    God:
Gold:   155        SH:  0    Dex: 16    Spells: 2 memorised, 3 levels left

rFire  x . .     SeeInvis .     a - +1 dagger
rCold  + . .     Gourm    .     b - +1 robe
rNeg   . . .     Faith    .     (no shield)
rPois  .         Spirit   .     (no helmet)
rElec  .         Dismiss  .     (no cloak)
rCorr  .         Reflect  .     (no gloves)
SustAt +         Harm     .     (no boots)
MR     .....                    (no amulet)
Stlth  ++........               (no ring)
                                m - ring of ice

@: not resistant to hostile enchantments, unstealthy
A: high mp 1, sustain attributes
a: no special abilities


You were on level 3 of the Dungeon.
You were near starving.

You visited 1 branch of the dungeon, and saw 3 of its levels.

You collected 155 gold pieces.

Inventory:

Hand Weapons
 a - a +1 dagger (weapon)
Armour
 b - a +1 robe (worn)
Jewellery
 m - a ring of ice (left hand)
Scrolls
 e - 3 scrolls of remove curse {unknown}
 h - 2 scrolls of fog {unknown}
 r - a scroll of enchant weapon {unknown}
 s - a scroll of enchant armour {unknown}
Potions
 f - 2 potions of invisibility
 g - a potion of cure mutation {!q}
 k - a potion of mutation {!q}
 p - a potion of magic
 q - a potion of lignification {!q}
Books
 c - a book of Maledictions

   Spells                             Type                      Level
   a - Corona                         Hexes                        1
   b - Ensorcelled Hibernation        Hexes/Ice                    2
   c - Confuse                        Hexes                        3
   d - Tukima's Dance                 Hexes                        3
   e - Dazzling Spray                 Conjuration/Hexes            3
Comestibles
 d - 3 bread rations
 i - 2 royal jellies
 j - 3 fruits
 n - a slice of pizza
 o - 2 meat rations


   Skills:
 - Level 0.8 Short Blades
 - Level 1.7 Dodging
 + Level 3.3 Stealth
 + Level 1.9 Spellcasting
 * Level 4.1 Hexes
 + Level 1.8 Ice Magic


You had 3 spell levels left.
You knew the following spells:

 Your Spells              Type           Power        Failure   Level  Hunger
a - Corona                Hex            ###....      2%          1    #......
b - Ensorcelled Hibernat  Hex/Ice        ###...       10%         2    ##.....


Dungeon Overview and Level Annotations

Branches:
Dungeon (3/15)


Innate Abilities, Weirdness & Mutations

You have an increased reservoir of magic. (+10% MP)
Your attributes are resistant to harm.


Message History

You tear a large gash into the net.
The orc hits you but does no damage. The giant gecko bites you.
The gnoll barely misses you.
The gnoll hits you from afar with a spear.
* * * LOW HITPOINT WARNING * * *
Unknown command.
You slip out of the net!
The giant gecko barely misses you. The orc barely misses you.
The gnoll hits you from afar with a spear.
* * * LOW HITPOINT WARNING * * *
The gnoll closely misses you.
Unknown command.
Casting: Ensorcelled Hibernation
Confirm with . or Enter, or press ? or * to list all spells.
Aiming: Ensorcelled Hibernation
Press: ? - help, Shift-Dir - straight line, f - giant gecko
Aim: a giant gecko (clinging, chance to defeat MR: 84%)
You feel a surge of power!
The giant gecko struggles to resist.
The giant gecko bites you but does no damage.
The orc hits you with a short sword.
You die...

#...# ##...###..####### #
#####...######.....##..#.....#
.)..................#..#.....#
....................#........#
..<.......g.........#..#(....#
#####...######.....##.##.....#
#(..# ##gg...).######## #...#
##l###### ### #...# #@# g.#
#..g# #o# ######### #.# #...#
#.# #.......#### ......# #.#
#..##....... ##
#.#####..##...####
#.............#
#######..###..# . #..# #..#
#.......#


You could see 2 gnolls, an orc and a giant gecko.

Vanquished Creatures
  An orc wizard (D:3)
  An adder (D:2)
  2 gnolls (D:3)
  3 dart slugs
  A worm (D:2)
  5 giant geckos
  2 orcs
  2 ball pythons (D:1)
  8 bats
  A giant cockroach (D:3)
  2 goblins
  8 hobgoblins
  A jackal (D:3)
  A quokka (D:2)
  5 giant newts (D:2)
  7 kobolds
  8 rats
58 creatures vanquished.

Notes
Turn   | Place    | Note
--------------------------------------------------------------
     0 | D:1      | hypermopl the Demigod Enchanter began the quest for the Orb.
     0 | D:1      | Reached XP level 1. HP: 14/14 MP: 5/5
    73 | D:1      | Reached skill level 3 in Hexes
   324 | D:1      | Reached XP level 2. HP: 18/20 MP: 5/7
   328 | D:1      | Learned a level 2 spell: Ensorcelled Hibernation
   534 | D:1      | Reached skill level 3 in Stealth
   717 | D:1      | Reached skill level 1 in Ice Magic
   928 | D:2      | Found a snail-covered altar of Cheibriados.
   938 | D:2      | Reached XP level 3. HP: 21/26 MP: 3/8
  1152 | D:2      | Found a blossoming altar of Fedhas.
  1182 | D:2      | Found a hazy altar of Hepliaklqana.
  2105 | D:3      | Found an ancient bone altar of Kikubaaqudgha.
  2428 | D:3      | Reached skill level 4 in Hexes
  2428 | D:3      | Reached XP level 4. HP: 31/33 MP: 4/9
  2814 | D:3      | Slain by an orc

Vault maps used:
D:1:      kennysheep_arrival_seaside
D:2:      marbit_many_paths, lemuel_doored_altar, kennysheep_slug_shrine
D:3:      lemuel_round_altar

Skill      XL: |  1  2  3 |
---------------+----------+-----
Hexes          | 3 4 |  4.1
Stealth        | 3 |  3.3
Ice Magic      | 1 |  1.8
Short Blades   | |  0.8
Dodging        | |  1.7
Spellcasting   | |  1.9

Action                   |  1- 3 |  4- 6 || total
-------------------------+-------+-------++-------
Melee: Dagger            |   122 |    10 ||   132
 Cast: Corona            |     7 |       ||     7
       Ensorcelled Hiber |    36 |     6 ||    42
  Use: Scroll            |     6 |       ||     6
 Stab: Sleeping          |    33 |     4 ||    37
  Eat: Chunk             |     7 |       ||     7
Armor: Robe              |    26 |     5 ||    31
Dodge: Dodged            |    80 |    14 ||    94
